 Dungeon Crawl Stone Soup version 0.20.1-1-g8b1a95d (webtiles) character file.

8220 Linguinho the Thrower (level 11, -2/98 HPs)
             Began as a Troll Hunter on Nov 14, 2017.
             Slain by a crocodile (14 damage)
             ... on level 10 of the Dungeon.
             The game lasted 00:26:29 (7884 turns).

Linguinho the Thrower (Troll Hunter)                Turns: 7884, Time: 00:26:30

Health: -2/98      AC:  7    Str: 25    XL:     11   Next: 7%
Magic:  10/10      EV: 11    Int:  7    God:
Gold:   536        SH:  0    Dex: 10    Spells: 10/10 levels left

rFire    . . .     SeeInvis .     - Unarmed
rCold    . . .     Gourm    +   (no shield)
rNeg     . . .     Faith    .   q - +2 animal skin
rPois    +         Spirit   .   (helmet restricted)
rElec    .         Reflect  .   (no cloak)
rCorr    .         Harm     .   (gloves unavailable)
MR       .....                  (boots unavailable)
Stlth    +.........             i - amulet of regeneration
Regen    1.1/turn               j - ring of poison resistance
MPRegen  0.2/turn               (no ring)

@: no status effects
A: unfitting armour, claws 3, fast metabolism 3, gourmand, regeneration 1,
shaggy fur 1, tough skin 2
a: no special abilities


You were on level 10 of the Dungeon.
You were very full.

You visited 2 branches of the dungeon, and saw 11 of its levels.

You collected 536 gold pieces.

Inventory:

Hand Weapons
 v - a +2 whip of flaming
 G - a +0 giant spiked club
Missiles
 d - 5 throwing nets (quivered)
 p - 8 large rocks
Armour
 b - a +0 robe
 q - a +2 animal skin (worn)
 C - a +0 shield
Jewellery
 i - an amulet of regeneration (around neck)
 j - a ring of poison resistance (left claw)
Wands
 r - a wand of random effects (45/48)
 u - a wand of iceblast (10/15)
 x - a wand of digging (13/24)
 F - a wand of enslavement (13/24)
 J - a wand of acid (5/15)
Scrolls
 c - 2 scrolls of enchant armour {unknown}
 g - 2 scrolls of blinking {unknown}
 k - 5 scrolls of remove curse
 w - 2 scrolls of magic mapping
 y - 2 scrolls of teleportation {unknown}
 A - a scroll of enchant weapon {unknown}
 D - a scroll of fog {unknown}
 E - 3 scrolls of recharging {unknown}
 I - 3 scrolls of amnesia
Potions
 a - a potion of might {unknown}
 e - 2 potions of magic
 o - 2 potions of curing
 s - a potion of mutation {unknown}
 B - a potion of heal wounds
 K - a potion of ambrosia {unknown}
Miscellaneous
 l - a sack of spiders
Comestibles
 f - 6 bread rations
 m - 8 meat rations
 t - 10 royal jellies
 H - 16 fruits


   Skills:
 + Level 3.8 Fighting
 * Level 6.2 Maces & Flails
 * Level 10.0 Throwing
 + Level 5.2 Dodging
 - Level 0.9 Stealth
 + Level 9.4 Unarmed Combat


You had 10 spell levels left.
You didn't know any spells.

Dungeon Overview and Level Annotations

Branches:
Dungeon (10/15)            Temple (1/1) D:5
   Lair: D:8-11         Orc: D:9-12

Altars:
Ashenzari
Dithmenos
Elyvilon
Fedhas
Gozag
Hepliaklqana
Kikubaaqudgha
Makhleb
Nemelex Xobeh
Okawaru
Qazlal
Ru
Sif Muna
Trog
Uskayaw
Vehumet
Xom
Yredelemnul
Zin
The Shining One


Innate Abilities, Weirdness & Mutations

You are too large for most types of armour.
You have claws for hands.
Your metabolism is lightning-fast.
You like to eat raw meat.
Your natural rate of healing is unusually fast.
You are covered in fur. (AC +1)
You have very tough skin. (AC +2)


Message History

You barely miss the crocodile.
The crocodile is moderately wounded.
The crocodile misses you.
You scratch the crocodile but do no damage.
The crocodile is moderately wounded.
The crocodile bites you!
* * * LOW HITPOINT WARNING * * *
You claw the crocodile!
The crocodile is almost dead.
The crocodile barely misses you.
You mangle the crocodile!!
You kill the crocodile!
You closely miss the crocodile. The crocodile bites you!
* * * LOW HITPOINT WARNING * * *
You claw the crocodile!
The crocodile is moderately wounded.
The crocodile bites you!
* * * LOW HITPOINT WARNING * * *
The crocodile bites you!
You die...

.....................
######...............
#...............
#########...............
.......................
#......(..............
#.....................
######.....(...............
..........@................
.........t..>..............
######.H(...........######
#.###########..#
#############†######## #..#
.............†........ ...#
...................... .
##############........
#.#######


You could see a hippogriff and a crocodile.

Vanquished Creatures
  A hydra (D:9)
  A two-headed ogre (D:9)
  Pikel (D:3)
  An elephant (D:10)
  A gargoyle (D:6)
  A troll (D:9)
  Grinder (D:5)
  2 dream sheep (D:9)
  7 yaks
  Sigmund (D:4)
  A hungry ghost (D:9)
  A water moccasin (D:6)
  Duvessa (D:7)
  An eye of draining (D:6)
  3 orc warriors
  An ice beast (D:8)
  A necrophage (D:6)
  2 phantoms
  An ogre (D:8)
  5 centaurs
  A crocodile (D:10)
  3 big kobolds (D:9)
  A gnoll sergeant (D:4)
  4 bullfrogs
  Dowan (D:7)
  A scorpion (D:4)
  2 howler monkeys (D:8)
  2 crimson imps (D:8)
  A bullfrog zombie (D:9)
  5 gnoll shamans (D:4)
  2 bullfrog skeletons
  6 orc priests
  3 hounds
  4 orc wizards
  Ijyb (D:4)
  An iguana (D:6)
  6 worker ants
  A hound zombie (D:5)
  2 hound skeletons
  Robin (D:3)
  2 worker ant zombies
  30 gnolls (D:4)
  4 adders
  A howler monkey skeleton (D:8)
  5 shadow imps
  An ooze (D:1)
  An adder zombie (D:6)
  A worm (D:3)
  4 dart slugs (D:1)
  5 leopard geckos
  38 orcs
  A giant cockroach (D:1)
  19 goblins
  10 hobgoblins
  15 jackals
  3 kobolds
  4 quokkas
  3 ball pythons
  2 bats
  5 frilled lizards
  A quokka skeleton (D:6)
  6 rats
243 creatures vanquished.

Vanquished Creatures (others)
  3 slaves (D:4)
  A scorpion (D:4)
  A hound (D:4)
  A hound skeleton (D:4)
  An adder (D:4)
  5 gnolls (D:4)
  An ooze (D:4)
  3 orcs (D:4)
  3 jackals (D:4)
  A plant (D:4)
20 creatures vanquished.

Grand Total: 263 creatures vanquished

Notes
Turn   | Place    | Note
-------+----------+-------------------------------------------
     0 | D:1      | Linguinho the Troll Hunter began the quest for the Orb.
     0 | D:1      | Reached XP level 1. HP: 19/19 MP: 0/0
   113 | D:1      | Reached skill level 4 in Throwing
   116 | D:1      | Reached XP level 2. HP: 23/27 MP: 1/1
   417 | D:1      | Reached XP level 3. HP: 33/33 MP: 2/2
   547 | D:1      | Reached skill level 1 in Unarmed Combat
   798 | D:2      | You fall through a shaft!
   837 | D:3      | Noticed Robin
   870 | D:3      | Killed Robin
   870 | D:3      | Reached XP level 4. HP: 42/42 MP: 3/3
  1436 | D:4      | Noticed a slave
  1436 | D:4      | Noticed Sigmund
  1440 | D:4      | Noticed Pikel
  1450 | D:3      | Killed Pikel
  1450 | D:3      | Reached skill level 5 in Throwing
  1450 | D:3      | Reached XP level 5. HP: 30/49 MP: 4/4
  1450 | D:3      | Reached XP level 6. HP: 35/57 MP: 5/5
  1450 | D:3      | Reached XP level 7. HP: 40/65 MP: 6/6
  1486 | D:4      | Killed Sigmund
  1654 | D:4      | Reached skill level 5 in Unarmed Combat
  2134 | D:4      | Noticed Ijyb
  2150 | D:4      | Killed Ijyb
  2155 | D:4      | Reached XP level 8. HP: 72/72 MP: 7/7
  3059 | D:5      | Entered Level 5 of the Dungeon
  3096 | D:5      | Found an opulent altar of Gozag.
  3205 | D:5      | Reached skill level 6 in Throwing
  3213 | D:5      | Found a bloodstained altar of Trog.
  3305 | D:5      | Noticed Grinder
  3311 | D:5      | Paralysed by Grinder for 5 turns
  3325 | D:5      | Paralysed by Grinder for 5 turns
  3330 | D:5      | Killed Grinder
  3498 | D:5      | Found a staircase to the Ecumenical Temple.
  3520 | D:5      | Reached XP level 9. HP: 65/80 MP: 8/8
  3824 | Temple   | Entered the Ecumenical Temple
  4114 | D:6      | Found an iron altar of Okawaru.
  4123 | D:6      | Found a glowing golden altar of the Shining One.
  4131 | D:6      | Found a radiant altar of Vehumet.
  4352 | D:6      | Found a blossoming altar of Fedhas.
  4352 | D:6      | Found a transporter.
  4352 | D:6      | Noticed a gargoyle
  4355 | D:6      | Found a transporter.
  4383 | D:6      | Killed a gargoyle
  4481 | D:6      | Reached skill level 7 in Throwing
  5122 | D:7      | Found a hide-covered altar of Uskayaw.
  5449 | D:7      | Noticed Dowan
  5452 | D:7      | Noticed Duvessa
  5456 | D:7      | Killed Duvessa
  5456 | D:7      | Reached skill level 5 in Maces & Flails
  5461 | D:7      | Killed Dowan
  5799 | D:8      | Reached XP level 10. HP: 89/91 MP: 9/9
  5953 | D:8      | Found a stormy altar of Qazlal.
  6175 | D:9      | Noticed a two-headed ogre
  6190 | D:9      | Killed a two-headed ogre
  6190 | D:9      | Reached skill level 8 in Throwing
  6613 | D:8      | Reached skill level 5 in Dodging
  6744 | D:9      | Found a shimmering altar of Xom.
  6812 | D:9      | Reached skill level 9 in Throwing
  7006 | D:9      | Noticed a three-headed hydra
  7024 | D:9      | Killed a three-headed hydra
  7362 | D:9      | Found a sacrificial altar of Ru.
  7549 | D:10     | Entered Level 10 of the Dungeon
  7827 | D:10     | Noticed an elephant
  7831 | D:10     | Reached XP level 11. HP: 98/98 MP: 10/10
  7867 | D:10     | Reached skill level 10 in Throwing
  7884 | D:10     | Slain by a crocodile

Skill      XL: |  1  2  3  4  5  6  7  8  9 10 11 |
---------------+----------------------------------+-----
Throwing       | 4 5 6 7 9 10 | 10.0
Unarmed Combat | 1 4 5 7 8 9 |  9.4
Fighting       | 2 3 |  3.8
Maces & Flails | 2 3 4 5 6 |  6.2
Dodging        | 2 3 4 5 |  5.2
Stealth        | |  0.9

Action                   |  1- 3 |  4- 6 |  7- 9 | 10-12 || total
-------------------------+-------+-------+-------+-------++-------
Melee: Unarmed           |    89 |    75 |   372 |   100 ||   636
       Club              |     2 |       |       |       ||     2
       Punch             |     1 |       |     7 |    10 ||    18
       Whip              |       |       |       |    60 ||    60
Throw: Tomahawk          |     9 |       |    94 |    67 ||   170
       Large rock        |     5 |       |       |     4 ||     9
       Throwing net      |       |       |     3 |       ||     3
  Use: Potion            |       |       |     7 |     2 ||     9
       Scroll            |       |       |       |     9 ||     9
 Stab: Sleeping          |       |       |     2 |       ||     2
       Held in net/web   |       |       |     1 |       ||     1
  Eat: Chunk             |    14 |     5 |    40 |    20 ||    79
Armor: Robe              |    25 |    12 |       |       ||    37
       Animal skin       |       |     9 |   104 |    30 ||   143
       Skin              |       |       |    65 |    23 ||    88
Dodge: Dodged            |    37 |    40 |   172 |    67 ||   316
